 Dungeon Crawl Stone Soup version 0.23.2 (webtiles) character file.

Game seed: 15212949062162970809

196 Borgoz the Cutter (level 5, -1/32 HPs)
             Began as a Gargoyle Gladiator on Apr 8, 2019.
             Slain by a gnoll
             ... wielding a +0 halberd
              (5 damage)
             ... on level 3 of the Dungeon.
             The game lasted 00:03:44 (2930 turns).

Borgoz the Cutter (Gargoyle Gladiator)              Turns: 2930, Time: 00:03:44

Health: -1/32      AC: 10    Str: 17    XL:     5   Next: 75%
Magic:  5/5        EV: 12    Int: 14    God:
Gold:   207        SH:  4    Dex: 12    Spells: 4/4 levels left

rFire    . . .     SeeInvis .   w - +0 short sword (freeze)
rCold    . . .     Gourm    .   (no shield)
rNeg     + . .     Faith    .   p - +0 ring mail
rPois    ∞         Spirit   .   c - +0 helmet
rElec    +         Reflect  +   x - scarf {repulsion}
rCorr    .         Harm     .   (no gloves)
MR       +....                  (no boots)
Stlth    +.........             j - +4 amulet of reflection
HPRegen  0.10/turn              t - ring of protection from magic
MPRegen  0.09/turn              (no ring)

@: brilliant, repel missiles
A: negative energy resistance 1, electricity resistance, unbreathing,
petrification resistance, rot immunity, AC +4
a: no special abilities


You were on level 3 of the Dungeon.
You were not hungry.

You visited 1 branch of the dungeon, and saw 3 of its levels.

You collected 207 gold pieces.

Inventory:

Hand Weapons
 a - a +0 rapier
 w - a +0 short sword of freezing (weapon)
 y - a +0 dagger of holy wrath
Missiles
 d - 3 throwing nets (quivered)
Armour
 c - a +0 helmet (worn)
 p - a +0 ring mail (worn)
 x - a scarf of repulsion (worn)
Jewellery
 j - a +4 amulet of reflection (around neck)
 t - a ring of protection from magic (left hand)
Scrolls
 b - 2 scrolls of blinking {unknown}
 e - a scroll of enchant weapon {unknown}
 h - 2 scrolls of remove curse {unknown}
 i - a scroll of fear {unknown}
 k - 6 scrolls of identify {unknown}
 r - a scroll of immolation {unknown}
 s - a scroll of random uselessness {unknown}
 u - a scroll of fog {unknown}
Potions
 g - a potion of invisibility {unknown}
 l - 2 potions of brilliance
 m - a potion of mutation {unknown}
 n - a potion of curing {unknown}
 o - a potion of flight {unknown}
 q - a potion of might {unknown}
 v - a potion of heal wounds {unknown}
Comestibles
 f - 7 rations
 z - a chunk of flesh


   Skills:
 + Level 3.1 Fighting
 * Level 3.7 Short Blades
 - Level 1.7 Throwing
 + Level 1.7 Armour
 * Level 3.5 Dodging
 + Level 2.1 Stealth


You had 4 spell levels left.
You didn't know any spells.
Your spell library was empty.

Dungeon Overview and Level Annotations

Branches:
Dungeon (3/15)

Altars:
Nemelex Xobeh


Innate Abilities, Weirdness & Mutations

You are resistant to torment.
Your stone body is resilient. (AC +4)
You are immune to poison.
You resist negative energy. (rN+)
You are resistant to electric shocks. (rElec)
You can survive without breathing.
You are immune to petrification.
You are immune to rotting.


Message History

* * * LOW HITPOINT WARNING * * *
Things that are here:
a +0 spear; a +0 ring mail You hit the gnoll.
You freeze the gnoll.
The gnoll is moderately wounded.
The gnoll hits you but does no damage.
You hit the gnoll. You freeze the gnoll.
The gnoll is moderately wounded.
The gnoll zaps a wand.
The puff of flame is repelled.
It was a potion of brilliance.
You feel clever all of a sudden.
The gnoll zaps a wand.
The puff of flame misses you.
Okay, then.
You hit the gnoll. You freeze the gnoll.
The gnoll is almost dead.
The gnoll misses you.
You closely miss the gnoll.
The gnoll is almost dead.
The gnoll hits you with a +0 halberd.
You die...

.......##.)...####.........
.............###........(#.
.##...###..................
........(.................
##...#.........#.####.....
...[.......####.# #.....
.####....#...... #.....
#####g######. .......
#....@####### #.###### ..
#.###<....... ..
...###.#...#######
.......#.#.......
.............####
.............#
..##########.# #.# #.#


You could see a gnoll.

Vanquished Creatures
  Robin (D:2)
  3 gnolls
  6 adders (D:2)
  3 worms
  3 dart slugs
  2 leopard geckos (D:2)
  An orc (D:3)
  3 giant cockroaches (D:2)
  18 goblins
  8 hobgoblins
  4 jackals (D:1)
  8 kobolds
  10 bats
  4 frilled lizards (D:1)
  6 rats
80 creatures vanquished.

Notes
Turn   | Place    | Note
-------+----------+-------------------------------------------
     0 | D:1      | Borgoz the Gargoyle Gladiator began the quest for the Orb.
     0 | D:1      | Reached XP level 1. HP: 12/12 MP: 1/1
    55 | D:1      | Reached XP level 2. HP: 11/17 MP: 2/2
   471 | D:1      | Reached XP level 3. HP: 20/22 MP: 3/3
   714 | D:1      | Reached skill level 1 in Stealth
   853 | D:2      | Reached skill level 1 in Armour
   956 | D:2      | Reached XP level 4. HP: 27/27 MP: 4/4
  1255 | D:2      | Found a sparkling altar of Nemelex Xobeh.
  1265 | D:2      | Noticed Robin
  1287 | D:2      | Killed Robin
  1719 | D:2      | Reached XP level 5. HP: 32/32 MP: 5/5
  2930 | D:3      | Slain by a gnoll

Skill      XL: |  1  2  3  4  5 |
---------------+----------------+-----
Short Blades   | 3 |  3.7
Stealth        | 1 2 |  2.1
Armour         | 1 |  1.7
Dodging        | 3 |  3.5
Fighting       | 3 |  3.1
Throwing       | |  1.7

Action                   |  1- 3 |  4- 6 || total
-------------------------+-------+-------++-------
Melee: Rapier            |   101 |   146 ||   247
       Short sword       |       |    80 ||    80
  Use: Potion            |       |     1 ||     1
  Eat: Chunk             |       |     7 ||     7
Armor: Leather armour    |    37 |       ||    37
       Ring mail         |     8 |   118 ||   126
Dodge: Dodged            |    66 |   166 ||   232
       Deflected         |       |     2 ||     2
Block: Other             |    16 |    58 ||    74
       Reflection        |     1 |     2 ||     3
